 Seeded DCSS version 0.30-a0-879-ga8ba668304 (webtiles) character file.

Game seed: 3428853487130244560 (custom seed)

3607 bmack86 the Cleaver (level 9, -5/81 HPs)
             Began as a Minotaur Fighter on Mar 13, 2023.
             Slain by an orc warrior
             ... wielding a +0 war axe
              (17 damage)
             ... in a bailey.
             The game lasted 00:15:33 (5168 turns).

bmack86 the Cleaver (Minotaur Fighter)              Turns: 5168, Time: 00:15:33

Health: -5/81      AC: 24    Str: 26    XL:     9   Next: 86%
Magic:  5/5        EV:  7    Int:  5    God:
Gold:   315        SH:  5    Dex:  9    Spells: 8/8 levels left

rFire   . . .      SeeInvis .    m - +9 war axe (antimagic)
rCold   . . .      Faith    .    c - +0 buckler
rNeg    . . .      Spirit   .    r - +0 plate armour
rPois   .          Reflect  .    (helmet restricted)
rElec   .          Rampage  .    w - +2 cloak
rCorr   .                        o - +1 pair of gloves
Will    .....                    n - +0 pair of boots Stlth
                                 (no amulet)
HPRegen 0.33/turn                z - ring of magical power
MPRegen 0.09/turn                A - +4 ring of protection

@: on berserk cooldown, slowed, very slow
A: horns 2, retaliatory headbutt
a: no special abilities


You were in a bailey.
You visited 1 branch of the dungeon, and saw 7 of its levels.
You also visited: Ossuary and Bailey.

You collected 762 gold pieces.
You spent 447 gold pieces at shops.

Inventory:

Hand Weapons
 a - a +0 war axe
 m - a +9 antimagic war axe (weapon)
Missiles
 f - 23 boomerangs (quivered)
 x - 15 poisoned darts
Armour
 c - a +0 buckler (worn)
 n - a +0 pair of boots (worn)
 o - a +1 pair of gloves (worn)
 r - a +0 plate armour (worn)
 w - a +2 cloak (worn)
 B - a +0 chain mail
Jewellery
 z - a ring of magical power (left hand)
 A - a +4 ring of protection (right hand)
Wands
 b - a wand of polymorph (10)
 y - a wand of roots (10)
Scrolls
 h - 2 scrolls of poison
 i - 8 scrolls of fog
 q - a scroll of blinking
Potions
 d - 2 potions of might
 e - 3 potions of mutation {unknown}
 g - a potion of berserk rage
 j - 6 potions of curing
 k - 2 potions of attraction
 l - a potion of lignification {unknown}
 p - 2 potions of magic
 s - a potion of heal wounds
 t - a potion of invisibility
 v - a potion of cancellation
 C - a potion of haste


   Skills:
 + Level 8.1 Fighting
 * Level 10.4 Axes
 + Level 4.6 Throwing
 + Level 7.9 Armour
 + Level 8.0 Shields


You had 8 spell levels left.
You didn't know any spells.
Your spell library contained the following spells:

 Spells                   Type           Power      Damage    Failure   Level
 Necrotise                Necr           0%         1d4       100%        1
 Summon Small Mammal      Summ           0%         N/A       100%        1
 Sublimation of Blood     Necr           0%         N/A       100%        2
 Wereblood                Tmut           0%         N/A       100%        2
 Call Canine Familiar     Summ           0%         N/A       100%        3
 Gell's Gravitas          Tloc           0%         N/A       100%        3
 Summon Guardian Golem    Hex/Summ       0%         N/A       100%        3
 Teleport Other           Tloc           0%         N/A       100%        3
 Vhi's Electric Charge    Tloc/Air       0%         N/A       100%        3
 Agony                    Necr           0%         N/A       100%        5
 Arcjolt                  Conj/Air       0%         1d10      100%        5
 Dispersal                Tloc           0%         N/A       100%        6
 Starburst                Conj/Fire      0%         6d3       100%        6
 Summon Hydra             Summ           0%         N/A       100%        7
 Borgnjor's Revivificati  Necr           0%         N/A       100%        8
 Maxwell's Capacitive Co  Air            0%         ∞         100%        8


Dungeon Overview and Level Annotations

Branches:
Dungeon (7/15)            Ossuary (visited)          Bailey (1/1)
 Temple: D:4-7

Altars:
Yredelemnul

Shops:
D:1 (   D:4 *[*   D:5 *


Innate Abilities, Weirdness & Mutations

You have a pair of horns on your head.
You reflexively headbutt those who attack you in melee.


Message History

You closely miss the orc warrior.
The orc warrior hits you but does no damage.
You block the orc knight's attack.
You slice the orc knight!!
The orc knight is almost dead.
You slash the orc warrior!
You hear a shout!
The orc warrior hits you but does no damage.
The orc knight hits you but does no damage.
You slash the orc knight!
You kill the orc knight!
You closely miss the orc warrior. The orc warrior barely misses you.
Your Fighting skill increases to level 8!
Your Shields skill increases to level 8!
An orc warrior comes into view. It is wielding a +0 war axe.
The orc warrior shouts!
Items here: (( ) [.
You feel a strong urge to attack something.
Unknown command.
You are no longer berserk.
You are exhausted.
You feel yourself slow down.
You closely miss the orc warrior.
The orc warrior is severely wounded.
You block the orc warrior's attack.
You hit the orc warrior.
The orc warrior is almost dead.
The orc warrior hits you with a +0 broad axe!!
You block the orc warrior's attack.
The orc warrior hits you with a +0 broad axe.
You hit the orc warrior.
The orc warrior is almost dead.
You hit the orc warrior.
The orc warrior hits you with a +0 war axe!
* * * LOW HITPOINT WARNING * * *
You slash the kobold brigand!
The kobold brigand is heavily wounded.
You slash the orc warrior! You barely miss the orc warrior.
The orc warrior hits you with a +0 war axe!
You die...

#.###~~.......~~###.#
#....~~.......~~....#
#####~~.......~~#####
##~.......~##
####'''#### ##.....##
#∩(....∩# #.oo8)..#
##@Ko).## ###'###
#...# .......
.........
.............
.............
.............


You could see 3 orc warriors and a kobold brigand.

Vanquished Creatures
  2 orc knights (Bailey)
  A hornet (D:7)
  An orc warrior (D:6)
  An ice beast (D:7)
  A sky beast (D:6)
  A black bear (D:6)
  An ogre (D:7)
  A phantom (D:5)
  6 kobold brigands (Bailey)
  A bullfrog (D:6)
  2 gnoll sergeants (D:7)
  4 water moccasin zombies (Ossuary)
  5 wights (D:6)
  2 jellies
  3 orc priests
  4 hounds
  6 iguanas
  A sleepcap (D:6)
  Natasha (thrice) (D:2)
  An orc wizard (D:6)
  3 mummies
  7 adders
  8 gnolls (D:7)
  A shadow imp (D:6)
  4 ufetubi (D:6)
  5 adder zombies (Ossuary)
  6 worms
  3 dart slugs (D:1)
  25 orcs
  4 ball pythons
  6 bats
  11 endoplasms
  2 giant cockroaches
  2 gnoll zombies (Ossuary)
  12 goblins
  7 hobgoblins
  3 jackals (D:2)
  2 quokkas
  2 frilled lizards
  2 hobgoblin zombies (Ossuary)
  16 kobolds
  6 kobold zombies (Ossuary)
  7 orc zombies (Ossuary)
  3 rats (D:2)
194 creatures vanquished.

Vanquished Creatures (others)
  3 demonic plants (D:6)
3 creatures vanquished.

Grand Total: 197 creatures vanquished

Notes
Turn   | Place    | Note
-------+----------+-------------------------------------------
     0 | D:1      | bmack86 the Minotaur Fighter began the quest for the Orb.
     0 | D:1      | Reached XP level 1. HP: 19/19 MP: 0/0
    41 | D:1      | Found Zofunism's Antique Weapon Shop.
   238 | D:1      | Reached XP level 2. HP: 27/27 MP: 1/1
   328 | D:1      | Found a faded altar of an unknown god.
   484 | D:1      | Reached skill level 3 in Axes
   493 | D:1      | Got Sif Muna's Enchiridion on Corpses and the Arsonist
   897 | D:2      | Noticed Natasha
   904 | D:2      | Killed Natasha
   905 | D:2      | Reached XP level 3. HP: 28/33 MP: 2/2
  1011 | D:2      | Reached XP level 4. HP: 40/40 MP: 3/3
  1036 | D:2      | Reached skill level 4 in Axes
  1503 | D:2      | Noticed Natasha
  1509 | D:2      | Killed Natasha
  1510 | D:2      | Reached XP level 5. HP: 47/47 MP: 4/4
  1669 | D:2      | Noticed Natasha
  1675 | D:2      | Killed Natasha
  1764 | D:1      | Bought a glowing war axe for 162 gold pieces
  2314 | D:4      | Found Eturph's Antique Armour Emporium.
  2314 | D:4      | Found Suyl's Assorted Antiques.
  2314 | D:4      | Found Risauh's Assorted Antiques.
  2314 | D:4      | Found Ocaynwox's Magic Scroll Emporium.
  2350 | D:4      | Identified the +1 leather armour "Jorereek" {rF+ rN+ Int-2
                  | Dex+3}
  2389 | D:4      | Found a basalt altar of Yredelemnul.
  2585 | D:4      | Reached skill level 5 in Axes
  2958 | D:5      | Entered Level 5 of the Dungeon
  2961 | D:5      | Reached XP level 6. HP: 55/55 MP: 1/5
  2981 | D:5      | Reached skill level 5 in Fighting
  2981 | D:5      | Reached skill level 5 in Shields
  2995 | D:5      | Reached skill level 5 in Armour
  3099 | D:5      | Found Xuuqy's Assorted Antiques.
  3193 | D:4      | Bought a runed cloak for 165 gold pieces
  3349 | D:5      | Reached skill level 6 in Axes
  3396 | D:5      | Reached XP level 7. HP: 61/61 MP: 2/6
  3767 | D:6      | Reached skill level 1 in Throwing
  3885 | D:6      | Identified the +1 ring mail "Pyegedos" {rElec rC+}
  3976 | D:4      | Bought a notched emerald ring for 120 gold pieces
  4058 | D:6      | Reached skill level 7 in Axes
  4142 | D:6      | Reached XP level 8. HP: 70/70 MP: 5/7
  4504 | D:7      | Noticed a hornet
  4509 | D:7      | Killed a hornet
  4510 | D:7      | Reached skill level 8 in Axes
  4545 | D:7      | Found a sand-covered staircase.
  4550 | Ossuary  | Entered an ossuary
  4657 | Ossuary  | Reached XP level 9. HP: 79/79 MP: 5/8
  4727 | D:7      | Reached skill level 9 in Axes
  4849 | D:7      | Found a flagged portal.
  4861 | Bailey   | Entered a bailey
  4935 | Bailey   | Noticed an orc knight
  4946 | Bailey   | Killed an orc knight
  5143 | Bailey   | Noticed an orc knight
  5156 | Bailey   | Reached skill level 10 in Axes
  5161 | Bailey   | Killed an orc knight
  5168 | Bailey   | Slain by an orc warrior

Illustrated notes

Levels and vault maps discovered:
D:1:      dpeg_arrival_central, layout_basic, serial_shops, shop,
          hellmonk_ecumenical_altar_heavens_door
D:2:      layout_loops_ring, kennysheep_nub, uniq_natasha
D:3:      layout_rooms, corexii_leaking_fountain
D:4:      layout_cave_pools, old_standard_altar,
          hangedman_abyss_or_decor_passed, minmay_shop_grid_forest,
          grunt_decor_clamped
D:5:      layout_loops_ring, serial_shops, nicolae_shop_stone
D:6:      layout_gridville, serial_demonic, serial_demonic_g, serial_demonic_f,
          serial_demonic_c, serial_demonic_f
D:7:      layout_rooms, minmay_temple_entry_waves, nicolae_ossuary_entry_giza,
          enter_bailey_5
Bailey:   bailey_axe_3, bailey

Skill      XL: |  1  2  3  4  5  6  7  8  9 |
---------------+----------------------------+-----
Axes           | 3 4 5 6 7 8 10 | 10.4
Armour         | 4 5 6 7 |  7.9
Fighting       | 4 5 6 7 8 |  8.1
Shields        | 4 5 6 7 8 |  8.0
Throwing       | 1 3 4 |  4.6

Action                     |  1- 3 |  4- 6 |  7- 9 || total
---------------------------+-------+-------+-------++-------
  Melee: War axe           |    41 |   117 |   170 ||   328
         Headbutt          |     5 |    19 |    34 ||    58
  Throw: Dart              |       |       |     3 ||     3
         Boomerang         |       |       |     1 ||     1
    Use: Scroll            |       |    13 |     7 ||    20
         Potion            |       |       |     2 ||     2
 Armour: Scale mail        |    17 |    51 |    31 ||    99
         Chain mail        |       |       |    95 ||    95
         Plate armour      |       |       |     9 ||     9
  Dodge: Dodged            |    29 |    55 |    77 ||   161
  Block: Buckler           |     4 |    27 |    49 ||    80

Table legend: (Time is in decaauts)
 A = Elapsed time spent in this place.
 B = Non-inter-level travel time spent in this place.
 C = Inter-level travel time spent in this place.
 D = Time resting spent in this place.
 E = Time spent auto-exploring this place.
 F = Levels seen in this place.
 G = Mean time per level.
                   A        B        C        D        E       F      G
               +--------+--------+--------+--------+--------+-----+--------+
         Total |   5251 |   4848 |    403 |    242 |   2847 |   9 |  583.4 |
       Dungeon |   4776 |   4373 |    403 |     91 |   2847 |   7 |  682.3 |
       Ossuary |    161 |    161 |      0 |      0 |      0 |   1 |  161.0 |
        Bailey |    313 |    313 |      0 |    151 |      0 |   1 |  313.0 |
               +--------+--------+--------+--------+--------+-----+--------+

Top non-repeatable levels by time:
     D:1: 954 daAuts
     D:2: 890 daAuts
     D:4: 812 daAuts
     D:5: 769 daAuts
     D:6: 634 daAuts
     D:3: 512 daAuts
  Bailey: 313 daAuts
     D:7: 202 daAuts
 Ossuary: 161 daAuts
